 Dungeon Crawl Stone Soup version 0.25-a0-294-gea9b1ad (webtiles) character file.

Game seed: 2397718835223443117, levelgen mode: deterministic

441 FeloniousTub the Chopper (level 7, -1/61 HPs)
             Began as a Hill Orc Fighter on Dec 17, 2019.
             Was an Initiate of Beogh.
             Slain by an iguana (5 damage)
             ... on level 4 of the Dungeon.
             The game lasted 00:27:23 (2459 turns).

FeloniousTub the Chopper (Hill Orc Fighter)         Turns: 2459, Time: 00:27:24

Health: -1/61      AC:  7    Str: 18 (21) XL:     7   Next: 2%
Magic:  7/7        EV:  8    Int:  7 (8)  God:    Beogh [......]
Gold:   212        SH:  9    Dex:  9 (10) Spells: 5/6 levels left

rFire    . . .     SeeInvis .   a - +1 war axe
rCold    . . .     Gourm    .   c - +0 shield
rNeg     . . .     Faith    .   b - +0 scale mail
rPois    .         Spirit   .   (no helmet)
rElec    .         Reflect  .   (no cloak)
rCorr    .         Harm     .   (no gloves)
MR       +....                  (no boots)
Stlth    ..........             k - amulet of regeneration
HPRegen  0.60/turn              j - ring of protection from magic
MPRegen  0.10/turn              q - +1 ring of evasion

@: no status effects
A: no striking features
a: Renounce Religion


You were on level 4 of the Dungeon.
You worshipped Beogh.
Beogh was noncommittal.
You were not hungry.

You visited 1 branch of the dungeon, and saw 4 of its levels.

You collected 212 gold pieces.

Inventory:

Hand Weapons
 a - a +1 war axe (weapon)
 m - a cursed -3 scythe
 p - a +0 short sword
Missiles
 h - 23 sling bullets
 i - 80 stones (quivered)
 l - 40 arrows
 o - 28 bolts
Armour
 b - a +0 scale mail (worn)
 c - a +0 shield (worn)
 g - a +0 robe
 n - a cursed +0 robe
 r - a cursed +0 chain mail
 s - a +0 robe
 x - a cursed +0 leather armour
Jewellery
 j - a ring of protection from magic (left hand)
 k - an amulet of regeneration (around neck)
 q - a +1 ring of evasion (right hand)
Scrolls
 e - 7 scrolls of identify
 t - a scroll of amnesia
 u - 2 scrolls of teleportation
 v - a scroll of enchant weapon
Potions
 d - 2 potions of might
 z - a potion of curing
Comestibles
 f - a chunk of flesh
 w - 2 rations


   Skills:
 + Level 5.2 Fighting
 + Level 6.2 Axes
 + Level 4.7 Armour
 + Level 1.1 Dodging
 + Level 0.7 Stealth
 + Level 4.2 Shields


You had 5 spell levels left.
You knew the following spells:

 Your Spells              Type           Power        Failure   Level  Hunger
a - Corona                Hex            #......      99%         1    ##.....

Your spell library contained the following spells:

 Spells                   Type           Power        Failure   Level  Hunger
 Ensorcelled Hibernation  Hex/Ice        #.....       100%        2    ###....
 Confuse                  Hex            #.......     100%        3    ####...
 Dazzling Flash           Conj/Hex       #.....       100%        3    ####...
 Tukima's Dance           Hex            #.......     100%        3    ####...


Dungeon Overview and Level Annotations

Branches:
Dungeon (4/15)
 Temple: D:4-7

Altars:


Message History

The iguana bites you!
* * * LOW HITPOINT WARNING * * *
The orc priest hits the iguana but does no damage.
The iguana bites you.
* * * LOW HITPOINT WARNING * * *
The orc priest hits the iguana with a +0 dagger.
Found a scroll of identify.
You block the iguana's attack. The iguana bites you!
* * * LOW HITPOINT WARNING * * *
There is a stone staircase leading up here.
The iguana bites you!
* * * LOW HITPOINT WARNING * * *
You climb upwards.
There is a stone staircase leading down here.
You block the iguana's attack.
You climb downwards.
There is a stone staircase leading up here.
The iguana bites you.
You die...

#........#
#.######.#
#.######.# ####.
#
#..o.....###....
..
##..............
..
#.####..###.#...#
#.# #..# #.# ..#
#.# #..###†#...#
#.# #..@l.[....#
#.# #.####.#...#
#.# #.# #.# ..#
#.. ... [.. ###
#.#. ... ....# ##
#.. . ### ##


You could see an iguana.

Vanquished Creatures
  Sigmund (D:2)
  An orc wizard (D:3)
  Terence (D:2)
  Robin (D:2)
  3 gnolls (D:3)
  8 adders
  An ooze (D:3)
  2 worms (D:3)
  4 dart slugs
  3 leopard geckos
  8 orcs
  5 giant cockroaches
  16 goblins
  16 hobgoblins
  7 jackals
  4 kobolds
  A quokka (D:3)
  2 ball pythons (D:1)
  5 bats
  4 frilled lizards
  4 rats
97 creatures vanquished.

Notes
Turn   | Place    | Note
-------+----------+-------------------------------------------
     0 | D:1      | FeloniousTub the Hill Orc Fighter began the quest for the
                  | Orb.
     0 | D:1      | Reached XP level 1. HP: 19/19 MP: 1/1
   404 | D:1      | Reached XP level 2. HP: 27/27 MP: 2/2
   425 | D:1      | Reached skill level 3 in Axes
   590 | D:1      | Reached XP level 3. HP: 33/33 MP: 3/3
  1211 | D:2      | Noticed Sigmund
  1218 | D:2      | Noticed Robin
  1240 | D:2      | Reached XP level 4. HP: 26/40 MP: 4/4
  1330 | D:2      | Killed Robin
  1330 | D:2      | Reached skill level 4 in Axes
  1473 | D:2      | Killed Sigmund
  1473 | D:2      | Reached skill level 5 in Axes
  1473 | D:2      | Reached XP level 5. HP: 36/47 MP: 5/5
  1473 | D:2      | Reached XP level 6. HP: 43/55 MP: 6/6
  1545 | D:2      | Noticed Terence
  1553 | D:2      | Killed Terence
  1929 | D:3      | Learned a level 1 spell: Corona
  1940 | D:3      | Reached skill level 5 in Fighting
  2004 | D:3      | Reached skill level 1 in Dodging
  2148 | D:3      | Reached skill level 6 in Axes
  2400 | D:4      | Reached XP level 7. HP: 61/61 MP: 7/7
  2408 | D:4      | Became a worshipper of Beogh the Brigand
  2455 | D:4      | HP: 1/61 [iguana (10)]
  2459 | D:4      | Slain by an iguana

Levels and vault maps discovered:
D:1:      dpeg_arrival_water_temple_mockup, layout_basic
D:2:      layout_rooms, minmay_3d_cube, uniq_terence, uniq_sigmund, uniq_robin
D:3:      layout_rooms, serial_glass, glass_columns_b, glass_columns_a,
          hangedman_decor_growths
D:4:      layout_loops_ring

Skill      XL: |  1  2  3  4  5  6 |
---------------+-------------------+-----
Fighting       | 4 5 |  5.2
Axes           | 3 5 6 |  6.2
Armour         | 4 |  4.7
Shields        | 4 |  4.2
Dodging        | 1 |  1.1
Stealth        | |  0.7

Action                   |  1- 3 |  4- 6 |  7- 9 || total
-------------------------+-------+-------+-------++-------
Melee: War axe           |   132 |   167 |    15 ||   314
Invok: Convert to Beogh  |       |       |     1 ||     1
  Use: Scroll            |     3 |     4 |       ||     7
       Potion            |     1 |     3 |       ||     4
 Stab: Invisible         |       |     1 |       ||     1
  Eat: Chunk             |     1 |     1 |       ||     2
       Ration            |       |     1 |       ||     1
Armor: Scale mail        |    75 |    58 |     3 ||   136
Dodge: Dodged            |    42 |    67 |     4 ||   113
Block: Shield            |    70 |    87 |     8 ||   165

Table legend:
 A = Non-vault XP
 B = Vault XP
 C = Vault XP percentage of total XP
 D = Non-vault monster count
 E = Vault monster count
 F = Vault count percentage of total count
                 A         B        C        D         E       F
            +---------+---------+-------+---------+---------+-------
      Total |     336 |     294 |  46.7 |      81 |      16 |  16.5
            +---------+---------+-------+---------+---------+-------
        D:1 |      62 |       2 |   3.1 |      32 |       1 |   3.0
        D:2 |      50 |     292 |  85.4 |       9 |      15 |  62.5
        D:3 |     207 |       0 |   0.0 |      33 |       0 |   0.0
        D:4 |      17 |       0 |   0.0 |       7 |       0 |   0.0
            +---------+---------+-------+---------+---------+-------
